 Dungeon Crawl Stone Soup version 0.21.1-1-g345015f (webtiles) character file.

17939 sking99 the Brawler (level 12, -3/118 HPs)
             Began as a Troll Monk on June 28, 2018.
             Slain by a komodo dragon (19 damage)
             ... on level 4 of the Lair of Beasts.
             The game lasted 00:33:02 (10144 turns).

sking99 the Brawler (Troll Monk)                   Turns: 10144, Time: 00:33:03

Health: -3/118     AC: 12    Str: 22    XL:     12   Next: 23%
Magic:  11/11      EV: 11    Int:  6    God:
Gold:   770        SH:  0    Dex: 18    Spells: 11/11 levels left

rFire    . . .     SeeInvis +     - Unarmed
rCold    . . .     Gourm    +   (no shield)
rNeg     . . .     Faith    .   L - +1 troll leather armour {Snorg}
rPois    +         Spirit   .   (helmet restricted)
rElec    .         Reflect  +   j - +2 cloak
rCorr    .         Harm     .   (gloves unavailable)
MR       .....                  (boots unavailable)
Stlth    ..........             N - amulet "Paezux" {Reflect *Slow rPois Dex+2 SH+5}
HPRegen  1.09/turn              s - ring of see invisible
MPRegen  0.12/turn              H - ring of flight

@: confused, silence, slowed, studying Axes, very slow
A: large, unfitting armour, claws 3, fast metabolism 3, gourmand, regeneration
1, shaggy fur 1, tough skin 2
a: Evoke Flight


You were on level 4 of the Lair of Beasts.
You were very full.

You visited 3 branches of the dungeon, and saw 16 of its levels.
You also visited: Ossuary.

You collected 770 gold pieces.

Inventory:

Armour
 a - a +2 robe
 j - a +2 cloak (worn)
 E - the +2 robe of Nogo {rN+ MR++ MP+9 Dex-3}
   (You found it on level 7 of the Dungeon)

   It affects your dexterity (-3).
   It protects you from negative energy.
   It affects your resistance to hostile enchantments.
   It affects your magic capacity (+9).
 L - a +1 troll leather armour (worn) {Snorg}
Jewellery
 s - a ring of see invisible (left claw)
 u - an uncursed ring of stealth
 H - a ring of flight (right claw)
 M - the ring "Cywnuemp" {*Tele rC+ Int-4 SInv}
   (You found it on level 3 of the Lair of Beasts)

   [ring of teleportation]

   It may teleport you next to monsters.
   It affects your intelligence (-4).
   It protects you from cold.
   It lets you see invisible.
 N - the amulet "Paezux" (around neck) {Reflect *Slow rPois Dex+2 SH+5}
   (You found it on level 3 of the Lair of Beasts)

   [amulet of reflection]

   It shields you and reflects attacks.
   It affects your dexterity (+2).
   It protects you from poison.
   It may slow you when you take damage.
   It affects your SH (+5).
Wands
 c - a wand of iceblast (10)
 v - a wand of flame (48)
 y - a wand of acid (8)
 F - a wand of polymorph (22)
Scrolls
 h - a scroll of amnesia
 B - 4 scrolls of teleportation
 D - a scroll of enchant armour
 G - a scroll of remove curse
Potions
 d - 5 potions of agility
 f - a potion of resistance
 g - 2 potions of magic
 i - a potion of ambrosia
 k - 7 potions of flight
 l - 2 potions of degeneration
 n - 2 potions of haste
 o - 2 potions of brilliance
 q - 7 potions of curing
 t - a potion of cancellation {unknown}
 w - 2 potions of lignification
 x - a potion of mutation
 z - a potion of invisibility {unknown}
Books
 m - a book of Summonings

   Spells                             Type                      Level
   a - Recall                         Summoning/Translocation      3
   b - Aura of Abjuration             Summoning                    5
   c - Summon Demon                   Summoning                    5
   d - Summon Forest                  Summoning/Translocation      5
   e - Summon Mana Viper              Hexes/Summoning              5
   f - Shadow Creatures               Summoning                    6
 p - a book of Conjurations

   Spells                             Type                      Level
   a - Magic Dart                     Conjuration                  1
   b - Searing Ray                    Conjuration                  2
   c - Dazzling Spray                 Conjuration/Hexes            3
   d - Fulminant Prism                Conjuration/Hexes            4
   e - Force Lance                    Conjuration/Translocation    4
   f - Iskenderun's Mystic Blast      Conjuration                  4
 A - a book of Frost

   Spells                             Type                      Level
   a - Freeze                         Ice                          1
   b - Throw Frost                    Conjuration/Ice              2
   c - Ozocubu's Armour               Charms/Ice                   3
   d - Throw Icicle                   Conjuration/Ice              4
   e - Summon Ice Beast               Ice/Summoning                4
 C - a book of Maledictions

   Spells                             Type                      Level
   a - Corona                         Hexes                        1
   b - Ensorcelled Hibernation        Hexes/Ice                    2
   c - Confuse                        Hexes                        3
   d - Tukima's Dance                 Hexes                        3
   e - Dazzling Spray                 Conjuration/Hexes            3
 J - a manual of Axes
 K - a book of Cantrips

   Spells                             Type                      Level
   a - Confusing Touch                Hexes                        1
   b - Animate Skeleton               Necromancy                   1
   c - Summon Small Mammal            Summoning                    1
   d - Apportation                    Translocation                1
Comestibles
 b - 18 rations
 r - 6 chunks of flesh


   Skills:
 - Level 7.1 Fighting
 + Level 7.2 Armour
 - Level 2.4 Dodging
 - Level 1.0 Stealth
 * Level 15.9 Unarmed Combat


You had 11 spell levels left.
You didn't know any spells.

Dungeon Overview and Level Annotations

Branches:
Dungeon (10/15)            Temple (1/1) D:7            Lair (5/6) D:9
  Snake (0/4) Lair:4
  Swamp: Lair:2-4    Shoals: Lair:2-4     Slime: Lair:5-6       Orc: D:9-12

Altars:
Ashenzari
Cheibriados
Dithmenos
Elyvilon
Fedhas
Gozag
Hepliaklqana
Kikubaaqudgha
Makhleb
Nemelex Xobeh
Okawaru
Qazlal
Ru
Sif Muna
Trog
Uskayaw
Vehumet
Wu Jian
Xom
Yredelemnul
Zin
The Shining One

Shops:
D:10 *


Innate Abilities, Weirdness & Mutations

You are too large for most types of armour.
You have claws for hands.
Your metabolism is lightning-fast.
You like to eat raw meat.
Your natural rate of healing is unusually fast.
You are covered in fur. (AC +1)
You have very tough skin. (AC +2)


Message History

The death yak gores you!
A hippogriff and a dream sheep come into view. 2 death yaks come into view.
There is a stone staircase leading up here.
The death yak gores you!! The komodo dragon bites you.
The dream sheep shake their wool and sparkle.
You feel drowsy...
You fall asleep.
The death yak gores you!!!
You wake up.
The death yak gores you!
You climb upwards.
There is a stone staircase leading down here.
Unknown command.
You closely miss the komodo dragon. The komodo dragon bites you!
* * * LOW HITPOINT WARNING * * *
The death yak gores you but does no damage.
You are confused.
You feel invigorated. The death yak gores you!!
* * * LOW HITPOINT WARNING * * *
You feel yourself slow down. The komodo dragon bites you!!
You die...

#..P..##≈###.......,,,,**
#....≈≈≈≈≈≈#....P.#*,,,,*
......≈≈≈≈≈.......#,,,,P*
..†..#≈≈≈≈≈.....#.##,,.#*
.....≈≈≈≈≈≈.....#..#,..#
.....P#.≈P........#,...#
#...............P.#....#*
..<............Yl.......**
.P.P###.........@Y....?.,*
..P≈≈≈..........>.......,**
..#≈≈≈#...........<.....,,*
...≈≈≈.......<......#...,**
...≈≈≈P..............#..,**
...................###*.,,*
(...P##...##.###..## **,,**
,,,,,,.###*.##*P.## *,,,*
,*,,,*,,**,*,**,,,* **,,*


You could see 2 death yaks and a komodo dragon.

Vanquished Creatures
  Snorg (D:10)
  5 two-headed ogres
  Nergalle (D:10)
  4 lindwurms (Lair:3)
  Pikel (D:5)
  A black mamba (Lair:1)
  6 elephants (Lair:2)
  3 spiny frogs
  The ghost of buskinjo the Firebug, a novice DrFE of Sif Muna (D:5)
  A komodo dragon (Lair:2)
  The ghost of Exporg the Shield-Bearer, a novice GrFi (D:4)
  Grinder (D:5)
  4 hippogriffs
  Sigmund (D:5)
  A vampire (D:10)
  2 wyverns
  5 yaks (Lair:2)
  Eustachio (D:5)
  Grum (D:10)
  A water moccasin (Lair:4)
  4 porcupines
  3 black bears
  3 ice beasts
  2 slaves (D:5)
  An orc warrior (D:9)
  A phantom (D:9)
  A sky beast (D:6)
  3 centaurs
  2 wolves (D:10)
  6 ogres
  A crocodile (Lair:3)
  6 bullfrogs
  7 scorpions
  4 wights (D:8)
  4 howler monkeys
  An electric eel (D:8)
  5 crimson imps
  A bullfrog zombie (D:8)
  A quasit (D:9)
  2 centaur skeletons (D:10)
  A centaur zombie (D:8)
  Crazy Yiuf (D:5)
  A hound (D:9)
  A bullfrog skeleton (D:4)
  4 orc priests
  10 orc wizards
  An iguana (D:10)
  4 worker ants
  A big kobold zombie (Ossuary)
  2 hound skeletons
  8 mummies (Ossuary)
  A howler monkey zombie (D:9)
  7 gnolls
  10 adders
  2 shadow imps
  4 oozes
  2 worms
  A dart slug (D:1)
  4 leopard geckos
  32 orcs
  6 bats
  8 giant cockroaches
  7 goblins
  6 hobgoblins
  25 jackals
  4 frilled lizards
  A giant cockroach zombie (D:6)
  3 gnoll zombies (Ossuary)
  A hobgoblin zombie (Ossuary)
  9 kobolds
  3 orc zombies (Ossuary)
  A quokka skeleton (D:7)
  5 rats
276 creatures vanquished.

Vanquished Creatures (others)
  A sky beast (D:5)
  A howler monkey (D:5)
  A jackal skeleton (D:5)
  3 fungi
6 creatures vanquished.

Grand Total: 282 creatures vanquished

Notes
Turn   | Place    | Note
-------+----------+-------------------------------------------
     0 | D:1      | sking99 the Troll Monk began the quest for the Orb.
     0 | D:1      | Reached XP level 1. HP: 22/22 MP: 0/0
    44 | D:1      | Reached XP level 2. HP: 22/29 MP: 1/1
   391 | D:1      | Reached XP level 3. HP: 36/36 MP: 2/2
   609 | D:2      | Reached skill level 4 in Unarmed Combat
   731 | D:2      | Reached XP level 4. HP: 45/45 MP: 3/3
  1378 | D:3      | Reached skill level 5 in Unarmed Combat
  1378 | D:3      | Reached XP level 5. HP: 36/53 MP: 4/4
  1811 | D:4      | Noticed Exporg's ghost (novice GrFi)
  2152 | D:4      | Killed Exporg's ghost
  2152 | D:4      | Reached skill level 6 in Unarmed Combat
  2152 | D:4      | Reached XP level 6. HP: 45/62 MP: 5/5
  2249 | D:4      | Reached XP level 7. HP: 67/70 MP: 6/6
  2296 | D:4      | Reached skill level 7 in Unarmed Combat
  2822 | D:5      | Entered Level 5 of the Dungeon
  3051 | D:5      | Noticed Pikel
  3092 | D:5      | Killed Pikel
  3092 | D:5      | Reached skill level 5 in Fighting
  3092 | D:5      | Reached skill level 8 in Unarmed Combat
  3092 | D:5      | Reached XP level 8. HP: 45/80 MP: 7/7
  3146 | D:5      | Noticed buskinjo's ghost (novice DrFE)
  3211 | D:5      | Killed buskinjo's ghost
  3211 | D:5      | Reached skill level 9 in Unarmed Combat
  3266 | D:5      | Noticed Eustachio
  3272 | D:5      | Killed Eustachio
  3390 | D:5      | Found a runed door.
  3464 | D:5      | Noticed Grinder
  3502 | D:5      | Killed Grinder
  3502 | D:5      | Reached skill level 10 in Unarmed Combat
  3638 | D:5      | Noticed Sigmund
  3641 | D:5      | Killed Sigmund
  3641 | D:5      | Reached XP level 9. HP: 89/89 MP: 8/8
  4114 | D:5      | Noticed Crazy Yiuf
  4118 | D:5      | Killed Crazy Yiuf
  4244 | D:6      | Found a basalt altar of Yredelemnul.
  4865 | D:7      | Found a staircase to the Ecumenical Temple.
  4898 | D:7      | Found a sand-covered staircase.
  4903 | Ossuary  | Entered an ossuary
  5207 | Temple   | Entered the Ecumenical Temple
  5622 | D:7      | Reached skill level 11 in Unarmed Combat
  6295 | D:7      | Found a burning altar of Makhleb.
  6307 | D:7      | Got a thick robe
  6318 | D:7      | Identified the +2 robe of Nogo {rN+ MR++ MP+9 Dex-3} (You found it on level 7 of the Dungeon)
  6627 | D:8      | Noticed a two-headed ogre
  6793 | D:8      | Reached skill level 1 in Armour
  6838 | D:8      | Killed a two-headed ogre
  6838 | D:8      | Reached skill level 12 in Unarmed Combat
  6838 | D:8      | Reached XP level 10. HP: 39/102 MP: 9/9
  7872 | D:9      | Noticed a two-headed ogre
  7880 | D:9      | Killed a two-headed ogre
  7880 | D:9      | Reached skill level 13 in Unarmed Combat
  7916 | D:9      | Noticed a two-headed ogre
  7921 | D:9      | Killed a two-headed ogre
  8280 | D:9      | Found a staircase to the Lair.
  8613 | D:10     | Entered Level 10 of the Dungeon
  8625 | D:10     | Noticed Nergalle
  8639 | D:10     | Killed Nergalle
  8639 | D:10     | Reached XP level 11. HP: 107/109 MP: 10/10
  8651 | D:10     | Noticed Snorg
  8665 | D:10     | Killed Snorg
  8807 | D:10     | Noticed Grum
  8809 | D:10     | Noticed a two-headed ogre
  8814 | D:10     | Reached skill level 5 in Armour
  8815 | D:10     | Reached skill level 14 in Unarmed Combat
  8833 | D:10     | Killed a two-headed ogre
  8836 | D:10     | Killed Grum
  9145 | D:10     | Noticed a two-headed ogre
  9150 | D:10     | Killed a two-headed ogre
  9193 | D:10     | Found Cadwibisie's Changing Room.
  9383 | Lair:1   | Entered Level 1 of the Lair of Beasts
  9484 | Lair:2   | Reached skill level 15 in Unarmed Combat
  9736 | Lair:2   | Reached XP level 12. HP: 43/118 MP: 11/11
  9995 | Lair:3   | Got a vibrating amber ring
  9996 | Lair:3   | Identified the ring "Cywnuemp" {*Tele rC+ Int-4 SInv} (You found it on level 3 of the Lair of Beasts)
  9998 | Lair:3   | Got a steaming sapphire amulet
  9999 | Lair:3   | Identified the amulet "Paezux" {Reflect *Slow rPois Dex+2 SH+5} (You found it on level 3 of the Lair of Beasts)
 10133 | Lair:5   | Noticed a death yak
 10133 | Lair:5   | Noticed a death yak
 10136 | Lair:5   | Noticed a death yak
 10139 | Lair:5   | Noticed a death yak
 10139 | Lair:5   | Noticed a death yak
 10144 | Lair:4   | Slain by a komodo dragon

Skill      XL: |  1  2  3  4  5  6  7  8  9 10 11 12 |
---------------+-------------------------------------+-----
Unarmed Combat | 4 5 6 8 10 12 13 15 | 15.9
Fighting       | 3 4 5 6 7 |  7.1
Armour         | 2 4 6 7 |  7.2
Dodging        | |  2.4
Stealth        | |  1.0

Action                   |  1- 3 |  4- 6 |  7- 9 | 10-12 || total
-------------------------+-------+-------+-------+-------++-------
Melee: Unarmed           |    82 |   169 |   301 |   300 ||   852
       Punch             |       |     4 |    12 |    20 ||    36
 Abil: Evoke Flight      |       |       |       |     2 ||     2
  Use: Scroll            |       |     3 |    21 |     7 ||    31
       Potion            |       |       |       |     3 ||     3
 Stab: Sleeping          |     1 |       |    11 |     4 ||    16
       Distracted        |       |       |     1 |       ||     1
  Eat: Chunk             |    12 |    10 |    46 |    29 ||    97
Armor: Robe              |    35 |    63 |    78 |    42 ||   218
       Troll leather arm |       |       |       |    62 ||    62
Dodge: Dodged            |    35 |    63 |   119 |   144 ||   361
Block: Other             |       |       |       |     3 ||     3
